 Dungeon Crawl Stone Soup version 0.29-a0-997-gf6f7e2dfe7 (webtiles) character file.

Game seed: 397967344949041930

7515 Klosterheim the Destroyer (level 10, -2/74 HPs)
             Began as a Demonspawn Hedge Wizard on Aug 4, 2022.
             Was a Follower of Vehumet.
             Killed from afar by a swamp worm (4 damage)
             ... with a harpoon shot
             ... on level 1 of the Lair of Beasts.
             The game lasted 01:25:33 (17684 turns).

Klosterheim the Destroyer (DsHW)                   Turns: 17684, Time: 01:25:34

Health: -2/74      AC: 13    Str: 10    XL:     10   Next: 95%
Magic:  27/29      EV: 13    Int: 21    God:    Vehumet [*.....]
Gold:   155        SH:  0    Dex: 12    Spells: 7/23 levels left

rFire   . . .      SeeInvis .   l - staff of conjuration
rCold   . . .      Faith    .   (no shield)
rNeg    . . .      Spirit   .   b - +0 robe
rPois   .          Reflect  .   j - +2 hat
rElec   .          Harm     .   (no cloak)
rCorr   .          Rampage  .   H - +2 pair of gloves
Will    .....                   (no boots)
Stlth   ++........              (no amulet)
HPRegen 0.22/turn               g - ring of magical power
MPRegen 0.21/turn               C - +4 ring of protection

@: about to teleport, invisible
A: demonic guardian 1, powered by death 1, sharp scales 2, weakness stinger 2
a: Renounce Religion


You were on level 1 of the Lair of Beasts.
You worshipped Vehumet.
Vehumet was aware of your devotion.
You visited 3 branches of the dungeon, and saw 12 of its levels.
You also visited: Sewer.

You collected 435 gold pieces.
You spent 280 gold pieces at shops.

Inventory:

Hand Weapons
 y - a +3 flail
Missiles
 D - a throwing net
Armour
 b - a +0 robe (worn)
 j - a +2 hat (worn)
 H - a +2 pair of gloves (worn)
Magical Staves
 l - a staff of conjuration (weapon)
Jewellery
 g - a ring of magical power (left hand)
 k - a ring of see invisible
 r - a ring of magical power
 v - a ring of fire
 C - a +4 ring of protection (right hand)
 F - a ring of ice
 G - the ring "Uvoricve" {Ice *Slow rPois Dex+7}
   (You took it off a centaur on level 6 of the Dungeon)

   [ring of ice]

   It enhances your ice magic.
   Dex:       It affects your dexterity (+7).
   rF:        It makes you vulnerable to fire.
   rC:        It protects you from cold.
   rPois:     It protects you from poison.
   *Slow:     It may slow you when you take damage.
 L - a ring of flight
Wands
 I - a wand of flame (11)
 J - a wand of digging (2)
 K - a wand of roots (6)
Scrolls
 a - 4 scrolls of amnesia
 c - 4 scrolls of identify
 e - 4 scrolls of teleportation
 m - a scroll of vulnerability
 n - 4 scrolls of magic mapping
 q - a scroll of enchant weapon
 t - 2 scrolls of silence
 u - 2 scrolls of enchant armour
 w - 2 scrolls of summoning
 x - 2 scrolls of brand weapon
 B - 3 scrolls of poison
Potions
 d - 3 potions of magic
 f - 2 potions of flight
 h - 6 potions of mutation
 i - 2 potions of might
 o - 5 potions of cancellation
 s - 2 potions of invisibility
 z - 5 potions of curing
 A - a potion of berserk rage
 E - 4 potions of ambrosia


   Skills:
 - Level 5.0 Fighting
 - Level 4.0 Dodging
 - Level 2.0 Stealth
 - Level 7.0 Spellcasting
 + Level 12.7 Conjurations
 - Level 1.0 Summonings
 - Level 5.0 Necromancy
 - Level 0.8 Translocations
 - Level 2.0 Air Magic
 - Level 2.0 Poison Magic


You had 7 spell levels left.
You knew the following spells:

 Your Spells              Type           Power      Damage    Failure   Level
a - Magic Dart            Conj           100%       1d8       1%          1
b - Call Imp              Summ           11%        N/A       9%          2
c - Blink                 Tloc           20%        N/A       10%         2
d - Mephitic Cloud        Conj/Pois/Air  46%        N/A       2%          3
e - Conjure Flame         Conj/Fire      50%        6-21      1%          3
f - Vampiric Draining     Necr           28%        2d8       3%          3
g - Searing Ray           Conj           100%       2d8       1%          2

Your spell library contained the following spells:

 Spells                   Type           Power      Damage    Failure   Level
 Foxfire                  Conj/Fire      100%       2x1d9     1%          1
 Necrotise                Necr           100%       1d9       1%          1
 Stone Arrow              Conj/Erth      100%       3d13      1%          3
 Fulminant Prism          Conj/Hex       25%        3d14      6%          4
 Sandblast                Erth           14%        2d6       9%          1
 Slow                     Hex            28%        N/A       9%          1
 Passwall                 Tmut/Erth      5%         N/A       13%         2
 Frozen Ramparts          Ice            14%        1d9       26%         3
 Agony                    Necr           28%        N/A       30%         5
 Summon Ice Beast         Ice/Summ       9%         N/A       56%         4
 Ice Form                 Ice/Tmut       7%         N/A       65%         4


Dungeon Overview and Level Annotations

Branches:
Dungeon (10/15)            Temple (1/1) D:6            Lair (1/5) D:8
  Sewer (visited)
    Orc: D:9-12

Altars:
Ashenzari
Cheibriados
Fedhas
Gozag
Makhleb
Nemelex Xobeh
Okawaru
Qazlal
Ru
Sif Muna
Trog
Uskayaw
Vehumet
Wu Jian
Yredelemnul

Shops:
D:1 (   D:4 :   D:8 [*(

Annotations:
D:2 1 runed translucent door, Crazy Yiuf
D:7 2 transporters
Lair:1 1 transporter


Innate Abilities, Weirdness & Mutations

A weak demonic guardian rushes to your aid.
You regenerate a little health from kills.
You are mostly covered in razor-sharp scales. (AC +2, Slay +2)
You have a tail ending in a sharp stinger.


Message History

The harpoon shot hits you.
You are yanked forward by the harpoon shot.
You collide with the briar patch!
The briar patch is almost destroyed.
The searing ray hits the briar patch.
You destroy the briar patch!
The searing ray hits the swamp worm!
The swamp worm is moderately wounded.
The swamp worm fires a harpoon shot at you.
The harpoon shot misses you.
The swamp worm fires a harpoon shot at you.
The harpoon shot misses you.
The swamp worm fires a harpoon shot at you.
The harpoon shot hits you.
You are yanked forward by the harpoon shot.
You violently stop moving!
As you read the scroll of teleportation, it crumbles to dust.
You feel strangely unstable.
The swamp worm fires a harpoon shot at you.
The harpoon shot hits you!!
You are yanked forward by the harpoon shot.
You violently stop moving!
* * * LOW HITPOINT WARNING * * *
A demonic guardian appears!
Casting: Searing Ray (safe; 1% risk of failure)
Confirm with . or Enter, or press ? or * to list all spells.
Aiming: Mephitic Cloud (mildly dangerous; 2% risk of failure)
Press: ? - help, Shift-Dir - straight line, f/p - swamp worm
Aim: a swamp worm (moderately wounded, chance to affect: 53%)
Okay, then.
You fade into invisibility!
The swamp worm fires a harpoon shot at you.
The harpoon shot hits you!
* * * LOW HITPOINT WARNING * * *
x2 Unknown command.
As you read the scroll of fog, it crumbles to dust.
The scroll dissolves into smoke.
The swamp worm fires a harpoon shot at you.
The harpoon shot hits you.
You die...

### #....##..
#######.###....###.
##..............# ##
##.#########....## #
#..#♣#w#w#w#...†#
##.##.##≈≈§#≈≈≈####.##
###..#..#PPPP☼PPP#/=#..# #
.......©#§§5^^^^○+)©#©.##.!
........#P@PPP°PP#)[#......
........##§§≈≈#≈≈####......
.........##w#w#w##.....#...
.......#.#########...###...
......# #............# #..
..?.## ###.#.........# #.
...# ##........### .
##......## ##.....#


You could see 4 swamp worms and a friendly shadow imp (summoned).

Vanquished Creatures
  A two-headed ogre (D:9)
  A troll (D:9)
  Grinder (D:6)
  Sigmund (D:5)
  A shadow (D:9)
  2 wyverns
  4 yaks (D:8)
  A steam dragon (D:8)
  3 water moccasins
  A sky beast (D:8)
  4 orc warriors
  3 ice beasts
  2 black bears
  2 ogres
  4 centaurs
  3 phantoms
  A kobold brigand (D:9)
  6 bullfrogs
  4 necrophages
  2 gnoll sergeants
  2 scorpions (D:5)
  8 wights
  7 killer bees
  2 howler monkeys
  6 hounds
  3 iron imps (D:9)
  9 orc priests
  4 jellies
  An iguana (D:6)
  9 orc wizards
  Robin (D:3)
  17 gnolls
  13 adders
  A shadow imp (D:7)
  2 white imps
  An ufetubus (D:6)
  2 worms
  2 dart slugs
  37 orcs
  16 ball pythons
  8 endoplasms
  8 giant cockroaches
  11 goblins
  15 hobgoblins
  6 jackals
  5 quokkas
  6 bats
  3 frilled lizards (D:1)
  16 kobolds
  21 rats
  A briar patch (Lair:1)
290 creatures vanquished.

Vanquished Creatures (collateral kills)
  A scorpion (D:4)
  An orc priest (D:6)
  3 gnolls
  2 orcs
  2 ball pythons (Sewer)
  2 goblins (D:3)
  A rat (Sewer)
12 creatures vanquished.

Vanquished Creatures (others)
  3 plants (Lair:1)
3 creatures vanquished.

Grand Total: 305 creatures vanquished

Notes
Turn   | Place    | Note
-------+----------+-------------------------------------------
     0 | D:1      | Klosterheim the Demonspawn Hedge Wizard began the quest for
                  | the Orb.
     0 | D:1      | Reached XP level 1. HP: 13/13 MP: 4/4
   421 | D:1      | Found Xaetiucw's Antique Weapon Emporium.
   476 | D:1      | Gained mutation: You have a small tail. [demonic ancestry]
   476 | D:1      | Reached XP level 2. HP: 19/19 MP: 4/6
   735 | D:1      | Reached skill level 2 in Conjurations
  1141 | D:1      | Found a faded altar of an unknown god.
  1443 | D:1      | Gained mutation: You are partially covered in razor-sharp
                  | scales. (AC +1, Slay +1) [demonic ancestry]
  1443 | D:1      | Reached XP level 3. HP: 24/24 MP: 7/7
  1799 | D:2      | Reached skill level 3 in Conjurations
  2377 | D:1      | Learned a level 2 spell: Call Imp
  2818 | D:2      | Reached XP level 4. HP: 18/30 MP: 8/8
  3000 | D:2      | Found a runed translucent door.
  3001 | D:2      | Noticed Crazy Yiuf
  3059 | D:2      | Reached skill level 4 in Conjurations
  3504 | D:2      | Found an opulent altar of Gozag.
  3941 | D:2      | Learned a level 2 spell: Blink
  3945 | D:2      | Learned a level 3 spell: Mephitic Cloud
  4062 | D:3      | Noticed Robin
  4086 | D:3      | Killed Robin
  4087 | D:3      | Gained mutation: You regenerate a little health from kills.
                  | [demonic ancestry]
  4087 | D:3      | Reached XP level 5. HP: 35/35 MP: 9/9
  4308 | D:3      | Noticed a phantom
  4319 | D:3      | Killed a phantom
  4320 | D:3      | Reached skill level 1 in Fighting
  4402 | D:3      | Found a blossoming altar of Fedhas.
  4433 | D:3      | Reached skill level 1 in Poison Magic
  4452 | D:3      | Found an iron altar of Okawaru.
  4675 | D:3      | Reached skill level 5 in Conjurations
  4675 | D:3      | Reached skill level 1 in Air Magic
  5246 | D:4      | Gained mutation: You have a tail ending in a sharp stinger.
                  | [demonic ancestry]
  5246 | D:4      | Reached XP level 6. HP: 43/43 MP: 10/10
  6248 | D:4      | Gained mutation: You are mostly covered in razor-sharp
                  | scales. (AC +2, Slay +2) [demonic ancestry]
  6248 | D:4      | Reached XP level 7. HP: 36/47 MP: 12/12
  6366 | D:4      | Found Astodeq's Book Shop.
  6418 | D:4      | Reached skill level 6 in Conjurations
  6858 | D:4      | Learned a level 3 spell: Conjure Flame
  6859 | D:5      | Entered Level 5 of the Dungeon
  7094 | D:5      | Reached skill level 7 in Conjurations
  7537 | D:5      | Noticed Sigmund
  7655 | D:5      | Found a snail-covered altar of Cheibriados.
  7797 | D:5      | Found an ornate altar of the Wu Jian Council.
  7838 | D:5      | Reached skill level 8 in Conjurations
  7838 | D:5      | Gained mutation: A weak demonic guardian rushes to your
                  | aid. [demonic ancestry]
  7838 | D:5      | Reached XP level 8. HP: 54/54 MP: 14/14
  8458 | D:6      | Noticed Grinder
  8804 | D:5      | Reached skill level 9 in Conjurations
  8898 | D:6      | Found a glowing drain.
  8917 | Sewer    | Entered a sewer
  9337 | Sewer    | Reached skill level 10 in Conjurations
  9955 | D:6      | Identified the ring "Uvoricve" {Ice *Slow rPois Dex+7}
 10054 | D:7      | Found a transporter.
 10126 | D:7      | Reached XP level 9. HP: 61/61 MP: 15/15
 10130 | D:7      | Learned a level 3 spell: Vampiric Draining
 10165 | D:7      | Found a transporter.
 10565 | D:7      | Reached skill level 1 in Necromancy
 11144 | D:8      | Found Unut's Armour Shoppe.
 12275 | D:6      | Paralysed by Grinder for 5 turns
 12287 | D:6      | Killed Grinder
 12466 | D:6      | Found a staircase to the Ecumenical Temple.
 12510 | D:6      | Reached skill level 11 in Conjurations
 12689 | Temple   | Entered the Ecumenical Temple
 12848 | Temple   | Became a worshipper of Vehumet
 13390 | D:6      | Reached skill level 5 in Necromancy
 13836 | D:4      | Bought a book of Conjurations for 280 gold pieces
 13839 | D:4      | Learned a level 2 spell: Searing Ray
 14454 | D:5      | Killed Sigmund
 14455 | D:5      | Reached skill level 5 in Spellcasting
 14455 | D:5      | Reached XP level 10. HP: 65/69 MP: 17/17
 15086 | D:8      | Found Vyomogh's General Store.
 15148 | D:8      | Found Sapiuhi's Weapon Shoppe.
 15220 | D:8      | Found a staircase to the Lair.
 15405 | D:8      | Found a large runed translucent door.
 15406 | D:8      | Found a large runed translucent door.
 15778 | D:8      | Found a sparkling altar of Nemelex Xobeh.
 15795 | D:8      | Reached skill level 5 in Fighting
 15840 | D:8      | Found a basalt altar of Yredelemnul.
 15881 | D:9      | Found a broken altar of Ashenzari.
 15962 | D:9      | Reached * piety under Vehumet
 15962 | D:9      | Offered knowledge of Foxfire by Vehumet.
 16291 | D:9      | Reached skill level 12 in Conjurations
 16612 | D:9      | Found a burning altar of Makhleb.
 16695 | D:9      | Noticed a two-headed ogre
 16727 | D:9      | Killed a two-headed ogre
 16740 | D:9      | HP: 2/74 [orc warrior/+0 scimitar (17)]
 17394 | D:10     | Entered Level 10 of the Dungeon
 17566 | Lair:1   | Entered Level 1 of the Lair of Beasts
 17619 | Lair:1   | Found a transporter.
 17639 | Lair:1   | Found a transporter.
 17683 | Lair:1   | HP: 2/74 [swamp worm/harpoon shot (13)]
 17684 | Lair:1   | Killed from afar by a swamp worm

Illustrated notes

Levels and vault maps discovered:
D:1:      wheals_arrival_linesprint, layout_basic, serial_shops, shop,
          hellmonk_ecumenical_altar_arch_garden
D:2:      layout_loops_ring, basic_altar, st_stairs_7, moated_statue,
          minmay_misc_feat_ornament, grunt_ministairs_6, uniq_crazy_yiuf_cottage
D:3:      layout_rooms, mainiacjoe_overflow_catch_the_wave,
          minmay_randomly_rotated_circles, uniq_robin
D:4:      layout_loops_cross, serial_shops, shop
D:5:      nicolae_cairo_tiling, layout_basic, nicolae_wu_jian_wuxing_cycle,
          slow_altar_2, grunt_ministairs_11, uniq_sigmund
D:6:      layout_loops_ring, temple_pool_b, cheibrodos_sewer_entry_drain,
          uniq_grinder
D:7:      gammafunk_steamed_eel, layout_basic, grunt_decor_junction
D:8:      layout_cave_pools, jmf_multi_god_temple2, lair_entry_dummy,
          enter_bailey_4, serial_shops, nicolae_shop_bloodbath_and_beyond,
          kennysheep_mini, nicolae_shop_advertising_works
          [nicolae_subvault_shop_adworks]
D:9:      layout_roguey, lemuel_round_altar, demons_altar
D:10:     layout_small_grid, nicolae_figureground_pulse, uniq_sonja
Temple:   minmay_temple_curvy_branch
Lair:1:   gammafunk_worm_tunnel, layout_cave_pods, ebering_ghost_disaster_area,
          serial_bayou_pond_d, grunt_forest_large_clearings, uniq_fannar

Skill      XL: |  1  2  3  4  5  6  7  8  9 10 |
---------------+-------------------------------+-----
Stealth        | 2 |  2.0
Dodging        | 2 4 |  4.0
Conjurations   | 2 3 4 5 8 10 11 12 | 12.7
Fighting       | 1 2 4 5 |  5.0
Poison Magic   | 1 2 |  2.0
Air Magic      | 1 2 |  2.0
Spellcasting   | 4 5 7 |  7.0
Necromancy     | 5 |  5.0
Summonings     | |  1.0
Translocations | |  0.8

Action                   |  1- 3 |  4- 6 |  7- 9 | 10-12 || total
-------------------------+-------+-------+-------+-------++-------
Melee: Dagger            |    22 |       |       |       ||    22
       Staff             |     6 |    30 |    36 |    14 ||    86
       Tailslap          |     1 |     2 |     3 |     3 ||     9
 Cast: Magic Dart        |    87 |   160 |   453 |    61 ||   761
       Call Imp          |     9 |     8 |    17 |     1 ||    35
       Mephitic Cloud    |       |     1 |    11 |     3 ||    15
       Vampiric Draining |       |       |    12 |       ||    12
       Searing Ray       |       |       |     4 |    46 ||    50
  Use: Scroll            |     1 |     8 |    16 |     2 ||    27
       Potion            |     1 |       |     1 |     2 ||     4
Armor: Robe              |     4 |    24 |    76 |    33 ||   137
Dodge: Dodged            |    25 |    65 |   158 |    58 ||   306

Table legend: (Time is in decaauts)
 A = Elapsed time spent in this place.
 B = Non-inter-level travel time spent in this place.
 C = Inter-level travel time spent in this place.
 D = Time resting spent in this place.
 E = Time spent auto-exploring this place.
 F = Levels seen in this place.
 G = Mean time per level.
                   A        B        C        D        E       F      G
               +--------+--------+--------+--------+--------+-----+--------+
         Total |  17789 |  14719 |   3070 |   6107 |   5834 |  13 | 1368.4 |
       Dungeon |  16841 |  13947 |   2894 |   5864 |   5632 |  10 | 1684.1 |
        Temple |    181 |      6 |    175 |      0 |      0 |   1 |  181.0 |
          Lair |    118 |    118 |      0 |     12 |      6 |   1 |  118.0 |
         Sewer |    647 |    647 |      0 |    231 |    195 |   1 |  647.0 |
               +--------+--------+--------+--------+--------+-----+--------+

Top non-repeatable levels by time:
     D:5: 2563 daAuts
     D:1: 2484 daAuts
     D:7: 2379 daAuts
     D:6: 1836 daAuts
     D:2: 1714 daAuts
     D:4: 1702 daAuts
     D:9: 1539 daAuts
     D:3: 1336 daAuts
     D:8: 1149 daAuts
   Sewer: 647 daAuts
  Temple: 181 daAuts
    D:10: 137 daAuts
  Lair:1: 118 daAuts
